 Dungeon Crawl Stone Soup version 0.22.1-1-ga44c0e56f4 (webtiles) character file.

1359 Ihlosi the Fighter (level 8, -1/97 HPs)
             Began as an Ogre Fighter on Oct 29, 2018.
             Slain by an orc warrior
             ... wielding a +0 trident
              (20 damage)
             ... on level 6 of the Dungeon.
             The game lasted 00:16:46 (6524 turns).

Ihlosi the Fighter (Ogre Fighter)                   Turns: 6524, Time: 00:16:46

Health: -1/97      AC:  5    Str: 21    XL:     8   Next: 64%
Magic:  8/8        EV:  8    Int:  9    God:
Gold:   237        SH:  8    Dex: 10    Spells: 7/7 levels left

rFire    . . .     SeeInvis .   y - +5 trident
rCold    + . .     Gourm    +   c - +0 shield
rNeg     . . .     Faith    .   b - +0 robe
rPois    .         Spirit   .   e - +1 hat
rElec    .         Reflect  .   i - +0 cloak
rCorr    .         Harm     .   (gloves unavailable)
MR       .....                  (boots unavailable)
Stlth    +.........             k - amulet of the gourmand
HPRegen  0.26/turn              r - ring of protection from cold
MPRegen  0.11/turn              (no ring)

@: invisible
A: large, unfitting armour, tough skin 1
a: no special abilities


You were on level 6 of the Dungeon.
You were very full.

You visited 1 branch of the dungeon, and saw 6 of its levels.

You collected 237 gold pieces.

Inventory:

Hand Weapons
 a - a +0 flail
 h - a +1 antimagic dagger
 j - a +0 mace
 y - a +5 trident (weapon)
Armour
 b - a +0 robe (worn)
 c - a +0 shield (worn)
 e - a +1 hat (worn)
 i - a +0 cloak (worn)
Jewellery
 k - an amulet of the gourmand (around neck)
 o - an uncursed amulet of guardian spirit
 r - a ring of protection from cold (left hand)
 v - a +2 amulet of reflection
 F - an uncursed ring of wizardry
Wands
 l - a wand of digging (15)
 q - a wand of random effects (42)
 C - a wand of disintegration (11)
Scrolls
 g - 2 scrolls of fear
 m - a scroll of amnesia
 w - a scroll of magic mapping
 z - 2 scrolls of teleportation {unknown}
 B - a scroll of enchant weapon
 D - 2 scrolls of remove curse
 E - a scroll of enchant armour {unknown}
 G - a scroll of identify
Potions
 d - a potion of ambrosia {unknown}
 n - a potion of brilliance {unknown}
 p - a potion of invisibility
 s - a potion of degeneration {unknown}
 t - a potion of heal wounds {unknown}
 u - 4 potions of berserk rage {unknown}
 x - a potion of agility {unknown}
 A - a potion of haste
Comestibles
 f - 12 rations


   Skills:
 * Level 11.4 Fighting
 + Level 5.7 Maces & Flails
 - Level 2.6 Dodging
 - Level 2.6 Shields
 + Level 0.2 Evocations


You had 7 spell levels left.
You didn't know any spells.
Your spell library contained the following spells:

 Spells                   Type           Power        Failure   Level  Hunger
 Confusing Touch          Hex            #.....       85%         1    ##.....
 Shock                    Conj/Air       #...         85%         1    ##.....
 Swiftness                Chrm/Air       #.......     94%         2    ###....
 Confuse                  Hex            #.......     99%         3    ####...
 Gell's Gravitas          Tloc           #.........   99%         3    ####...
 Static Discharge         Conj/Air       #.......     99%         3    ####...
 Airstrike                Air            #.........   100%        4    #####..
 Petrify                  Tmut/Erth      #.......     100%        4    #####..
 Lightning Bolt           Conj/Air       #.........   100%        5    ######.
 Metabolic Englaciation   Hex/Ice        #.........   100%        5    ######.
 Yara's Violent Unravell  Hex/Tmut       #.........   100%        5    ######.


Dungeon Overview and Level Annotations

Branches:
Dungeon (6/15)
 Temple: D:4-7

Altars:
Xom

Shops:
D:5 (


Innate Abilities, Weirdness & Mutations

You are too large for most types of armour.
You have tough skin. (AC +1)


Message History

The centaur shoots an arrow.
The arrow hits you but does no damage.
The orc hits you from afar with a trident!
You completely miss the centaur.
The centaur is lightly wounded.
The centaur unwields an uncursed shortbow.
You block the centaur's attack. You block the orc warrior's attack.
The orc hits you from afar with a trident.
The centaur hits you.
You puncture the centaur!
The centaur is heavily wounded.
You block the centaur's attack.
The orc warrior hits you from afar with a trident!
* * * LOW HITPOINT WARNING * * *
The orc barely misses you. The centaur hits you.
* * * LOW HITPOINT WARNING * * *
You fade into invisibility!
The centaur hits you.
* * * LOW HITPOINT WARNING * * *
The orc warrior hits you from afar with a trident!!
You die...

##.###.#### #.#
##.#...##### #.#
...........# #.#
#.##.#.###.####.# #######
#.##.#..........# #...... #
........##.###### #.... .#
#.##.#.###.##### ##..###..#
#.##.#.###.#...###o........
#..........#.#..@co....#
######.#####...###o..#.#
##.## ##.## #........#
#...# #.# #.#....(.# #...#
#.# .......#### #...#
#.#.#...#....
####...#####.# #.#.#.....
#...........#.# #...#......
..............# ##.# ......


You could see an orc warrior, a centaur and 2 orcs.

Vanquished Creatures
  Eustachio (D:5)
  2 phantoms
  An ice beast (D:6)
  A necrophage (D:6)
  A scorpion (D:6)
  A howler monkey (D:6)
  A crimson imp (D:6)
  A hound (D:4)
  2 jellies
  3 orc priests
  2 centaur skeletons (D:4)
  5 orc wizards
  Jessica (D:3)
  Ijyb (D:3)
  5 worker ants
  A hound skeleton (D:4)
  Robin (D:4)
  5 adders
  2 adder skeletons (D:5)
  4 worms
  A dart slug (D:1)
  20 orcs
  2 ball pythons
  10 bats
  3 giant cockroaches
  12 goblins
  10 hobgoblins
  7 jackals
  A ball python skeleton (D:4)
  4 frilled lizards
  7 kobolds
  A quokka skeleton (D:4)
  3 rats
122 creatures vanquished.

Notes
Turn   | Place    | Note
-------+----------+-------------------------------------------
     0 | D:1      | Ihlosi the Ogre Fighter began the quest for the Orb.
     0 | D:1      | Reached XP level 1. HP: 24/24 MP: 1/1
   168 | D:1      | Reached XP level 2. HP: 22/33 MP: 2/2
   829 | D:1      | Reached skill level 5 in Fighting
   833 | D:1      | Reached XP level 3. HP: 33/42 MP: 3/3
  1096 | D:2      | Found a shimmering altar of Xom.
  1747 | D:3      | Reached XP level 4. HP: 42/50 MP: 4/4
  1860 | D:3      | Noticed Jessica
  1942 | D:3      | Noticed Ijyb
  1957 | D:3      | Killed Ijyb
  1957 | D:3      | Reached skill level 6 in Fighting
  1957 | D:3      | Reached XP level 5. HP: 8/59 MP: 5/5
  2608 | D:3      | Killed Jessica
  3073 | D:4      | Reached XP level 6. HP: 39/68 MP: 6/6
  3294 | D:3      | Reached skill level 7 in Fighting
  3350 | D:4      | Noticed Robin
  3715 | D:4      | Killed Robin
  3924 | D:4      | Reached XP level 7. HP: 56/79 MP: 7/7
  3938 | D:4      | Reached skill level 8 in Fighting
  4506 | D:5      | Entered Level 5 of the Dungeon
  4978 | D:5      | Reached skill level 5 in Maces & Flails
  5186 | D:5      | Reached skill level 9 in Fighting
  5457 | D:5      | Found Tinarisa's Weapon Boutique.
  5827 | D:6      | Reached XP level 8. HP: 48/93 MP: 8/8
  5987 | D:6      | Noticed Eustachio
  6010 | D:5      | Killed Eustachio
  6010 | D:5      | Reached skill level 10 in Fighting
  6219 | D:6      | Reached skill level 11 in Fighting
  6524 | D:6      | Slain by an orc warrior

Skill      XL: |  1  2  3  4  5  6  7  8 |
---------------+-------------------------+-----
Maces & Flails | 2 3 4 5 |  5.7
Fighting       | 5 6 7 9 11 | 11.4
Dodging        | |  2.6
Shields        | |  2.6
Evocations     | |  0.2

Action                   |  1- 3 |  4- 6 |  7- 9 || total
-------------------------+-------+-------+-------++-------
Melee: Flail             |    60 |       |       ||    60
       Mace              |    78 |     9 |       ||    87
       Trident           |       |   146 |   142 ||   288
Evoke: Wand              |       |     2 |       ||     2
  Use: Potion            |       |     2 |     2 ||     4
       Scroll            |       |     6 |     1 ||     7
 Stab: Invisible         |       |     2 |       ||     2
  Eat: Chunk             |     2 |    16 |     9 ||    27
Armor: Robe              |    41 |    33 |    35 ||   109
Dodge: Dodged            |    47 |    82 |    36 ||   165
Block: Shield            |    62 |    79 |    62 ||   203
